 Dungeon Crawl Stone Soup version 0.31.0-32-g396128a36d (webtiles) character file.

Game seed: 6141352545829890820

95 Kaboulah the Shooter (level 4, -7/28 HPs)
             Began as a Kobold Hunter on Mar 17, 2024.
             Killed by divine providence
             ... invoked by an orc priest
              (9 damage)
             ... on level 5 of the Dungeon.
             The game lasted 00:12:10 (2017 turns).

Kaboulah the Shooter (Kobold Hunter)                Turns: 2017, Time: 00:12:11

Health: -7/28      AC:  4    Str:  8    XL:     4   Next: 95%
Magic:  4/4        EV: 15    Int: 10    God:
Gold:   123        SH:  0    Dex: 20    Spells: 3/3 levels left

rFire   . . .        a - +0 shortbow
rCold   . . .        (shield currently unavailable)
rNeg    . . .        c - +0 leather armour
rPois   .            l - +0 helmet
rElec   .            (no cloak)
rCorr   .            (no gloves)
SInv    .            (no boots)
Will    .....        (no amulet)
Stlth   +++          (no ring)
HPRegen 0.24/turn    (no ring)
MPRegen 0.09/turn

%: no passive effects
@: no status effects
A: small, no large weapons, nightstalker 3
a: no special abilities


You were on level 5 of the Dungeon.
You visited 1 branch of the dungeon, and saw 4 of its levels.

You collected 123 gold pieces.

Inventory:

Hand Weapons
 a - a +0 shortbow (weapon)
Armour
 c - a +0 leather armour (worn)
 l - a +0 helmet (worn)
 m - the +0 ring mail "Azxarom" {rC+}
   (You found it on level 5 of the Dungeon)

   rC+:       It protects you from cold.
Scrolls
 b - a scroll of butterflies
 d - a scroll of identify {unknown}
 e - a scroll of enchant weapon {unknown}
 g - 3 scrolls of immolation {unknown}
 i - a scroll of blinking {unknown}
 k - a scroll of fog {unknown}
Potions
 f - a potion of degeneration {unknown}
 h - a potion of lignification {unknown}
 j - a potion of heal wounds {unknown}


   Skills:
 + Level 3.1 Fighting
 + Level 6.0 Ranged Weapons
 + Level 3.6 Dodging
 + Level 3.2 Stealth


You had 3 spell levels left.
You didn't know any spells.
Your spell library contained the following spells:

 Spells                   Type           Power      Damage    Failure   Level
 Frozen Ramparts          Ice            0%         1d1       86%         3
 Leda's Liquefaction      Alch/Erth      0%         N/A       99%         4
 Petrify                  Alch/Erth      0%         N/A       99%         4
 Metabolic Englaciation   Hex/Ice        0%         N/A       100%        5


Dungeon Overview and Level Annotations

Branches:
Dungeon (3/15)

Altars:


Innate Abilities, Weirdness & Mutations

You are small and have problems with some larger weapons.
You are completely attuned to the shadows.


Message History

An orc priest comes into view. It is wielding a +2 flail of draining.
The orc priest shouts!
Found a book of Iron.
You shoot an arrow. The arrow hits the orc priest.
The orc priest is moderately wounded.
The orc priest barely misses you.
You shoot an arrow. The arrow barely misses the orc priest.
The orc priest looks satisfied for a moment.
You shoot an arrow.
The arrow hits the orc priest but does no damage.
The orc priest is moderately wounded.
The orc priest mumbles some strange prayers to Beogh against you.
Beogh smites you!
You are too injured to fight recklessly!
You shoot an arrow.
The arrow hits the orc priest but does no damage.
The orc priest is moderately wounded.
The orc priest misses you.
You shoot an arrow. The arrow hits the orc priest.
The orc priest is heavily wounded.
The orc priest calls down the wrath of Beogh upon you.
Beogh smites you!
Ouch! That really hurt!
* * * LOW HITPOINT WARNING * * *
You shoot an arrow.
The arrow closely misses the orc priest.
The orc priest misses you.
You shoot an arrow.
The arrow hits the orc priest but does no damage.
The orc priest is heavily wounded.
The orc priest barely misses you. The orc priest closely misses you.
You shoot an arrow.
The arrow hits the orc priest but does no damage.
The orc priest is heavily wounded.
The orc priest casts a cantrip, but nothing happens.
You shoot an arrow. The arrow hits the orc priest.
The orc priest is almost dead.
The orc priest calls down the wrath of Beogh upon you.
Beogh smites you!
You die...

########
#...(..#
#.####.#
##.##.#.#####
#'.#.#.......
##@.###.#####
#:o.#.#..#
###......#
+.###.#....
#.# #.#.... +
#.#....
#.#..## #.#


You could see an orc priest.

Vanquished Creatures
  2 adders
  A ribbon worm (D:2)
  A dart slug (D:2)
  10 bats
  4 endoplasms
  5 giant cockroaches
  9 goblins
  5 hobgoblins
  3 jackals (D:1)
  A kobold (D:1)
  6 quokkas
  5 ball pythons
  3 frilled lizards
  6 rats
61 creatures vanquished.

Notes
Turn   | Place    | Note
-------+----------+-------------------------------------------
     0 | D:1      | Kaboulah the Kobold Hunter began the quest for the Orb.
     0 | D:1      | Reached XP level 1. HP: 12/12 MP: 1/1
   206 | D:1      | Reached XP level 2. HP: 18/18 MP: 2/2
   367 | D:1      | Reached XP level 3. HP: 22/22 MP: 3/3
  1053 | D:2      | Found a faded altar of an unknown god.
  1080 | D:2      | Reached XP level 4. HP: 27/27 MP: 4/4
  1737 | D:3      | Reached skill level 6 in Ranged Weapons
  1985 | D:3      | You fall into a shaft and drop 2 floors!
  1985 | D:5      | Entered Level 5 of the Dungeon
  1988 | D:5      | Identified the +0 ring mail "Azxarom" {rC+}
  2013 | D:5      | HP: 1/28 [orc priest/divine providence (14)]
  2017 | D:5      | Killed from afar by an orc priest

Illustrated notes

Levels and vault maps discovered:
D:1:      onia_arrival_mini_maze_b, layout_rooms, grunt_decor_arrowhead
D:2:      kennysheep_the_goblin_king, layout_basic,
          dreamdust_ecumenical_altar_grove, chequers_serial_rivers_room_a
D:3:      layout_basic, nicolae_ashenzari_skybound, xom_teletrap_fun,
          minmay_ruptured
D:5:      layout_loops_cross, trog_wizard, grunt_gozag_breadcrumbs,
          temple_statues, serial_shops, shop, gup_sewer_entry_pipe,
          serial_library, serial_library_hellmonk_filled_rooms,
          serial_library_hellmonk_hallway_a,
          serial_library_hellmonk_small_corner,
          serial_library_hellmonk_open_square,
          serial_library_regret_index_double_sided, kennysheep_generic_room_10,
          uniq_pikel, uniq_menkaure

Skill      XL: |  1  2  3  4 |
---------------+-------------+-----
Stealth        | 2 3 |  3.2
Dodging        | 3 |  3.6
Fighting       | 3 |  3.1
Ranged Weapons | 6 |  6.0

Action                     |  1- 3 |  4- 6 || total
---------------------------+-------+-------++-------
   Fire: Shortbow          |    94 |    70 ||   164
 Armour: Leather armour    |    23 |     6 ||    29
  Dodge: Dodged            |    51 |    20 ||    71
